AoeStats
← Audi_13

African Clearing

510568079Analyzed
2v2 RM · 7h ago on Oct 1, 2026· 20m 40s· 4 players
Game mode
Random Map
Map size
Medium (4 player)
Population
200
Speed
Normal
Resources
Standard
Victory
Conquest
Starting age
Dark Age
Ending age
Imperial Age
RankedLock teamsTeams togetherTeam positionsShared explorationLock speedFull tech treeHidden civsTurbo modeCheats
Victory
Defeat
🇪🇸 Mongols · Spain
1465
+13
🇨🇱 Persians · Chile
1432
+13
🇨🇦 Spanish · Canada
1391
-13
🇺🇦 Vietnamese · Ukraine
1389
-13
Jaha
10:19 Loom
13:17 Feudal Age
17:36 Castle Age
16:45 Stone Mining
17:23 Double-Bit Axe
Audi_13
5:25 Loom
11:58 Feudal Age
12:49 Double-Bit Axe
13:32 Fletching
MISTER COLLEJAS
7:20 Loom
12:24 Feudal Age
13:39 Town Watch
16:40 Castle Age
16:01 Bloodlines
AP10
11:28 Feudal Age
16:42 Castle Age
14:49 Scale Barding Armor
16:42 Bloodlines
17:15 Forging
18:28 Loom
20:08 Horse Collar
Connection lost

Rejoining the realm…

Still unreachable

The connection could not be restored.

Session expired

The server has moved on; the page needs a fresh start.